 Dungeon Crawl Stone Soup version 0.30-a0-137-gd8773701ce (webtiles) character file.

Game seed: 1746850527272761310

7724 IdlyInterested the Fighter (level 11, -3/94 HPs)
             Began as a Djinni Gladiator on Sept 21, 2022.
             Was a Believer of Ashenzari.
             Slain by an elephant (7 damage)
             ... on level 1 of the Lair of Beasts.
             The game lasted 00:38:00 (10196 turns).

IdlyInterested the Fighter (Djinni Gladiator)      Turns: 10196, Time: 00:38:00

Health: -3/94      AC: 17    Str: 13    XL:     11   Next: 42%
Gold:   18         EV: 14    Int:  9    God:    Ashenzari [**....] SH:  0 Dex: 20

rFire   + + .      SeeInvis +    L - +4 scimitar (protect)
rCold   . . .      Faith    .    m - orb {*channel}
rNeg    + . .      Spirit   .    y - +2 robe {rN+}
rPois   ∞          Reflect  .    o - +2 helmet of the Wild Blue Yonder {Self, Melee} (curse)
rElec   .          Harm     .    t - +2 cloak "Eternal Together" {Evo, Fort} (curse)
rCorr   .          Rampage  .    (no gloves)
Will    +....                    (boots unavailable)
Stlth   ++........               p - amulet of regeneration
HPRegen 1.05/turn                i - ring of Ashenzari's Augurer {MP+9, Range, Self} (curse)
MPRegen 0.00/turn                b - ring of protection from cold

@: wereblooded, under a protective aura, flying
A: sickness immunity, fire resistance 2, cold vulnerability 1, float, innate
caster, HP casting, extra vitality 1
a: Renounce Religion, Shatter the Chains


You were on level 1 of the Lair of Beasts.
You worshipped Ashenzari.
Ashenzari was pleased with you.
You visited 3 branches of the dungeon, and saw 11 of its levels.

You collected 657 gold pieces.
You spent 639 gold pieces at shops.

Inventory:

Hand Weapons
 a - a +1 long sword
 g - a +0 falchion
 C - a +0 falchion
 D - a +0 long sword
 J - the +4 short sword of Conscience {flame, rC- Dex+3 Stlth+}
   (You found it on level 5 of the Dungeon)

   It burns those it strikes, dealing additional fire damage.
   Dex:       It affects your dexterity (+3).
   rC:        It makes you vulnerable to cold.
   Stlth:     It makes you more stealthy.
 K - a +0 long sword
 L - a +4 scimitar of protection (weapon)
 O - a +1 falchion of holy wrath
Missiles
 d - a throwing net
 e - a javelin
 k - 2 boomerangs of dispersal
 A - 53 poisoned darts
 H - 5 boomerangs
Armour
 m - an orb of energy (worn)
 o - the cursed +2 helmet of the Wild Blue Yonder (worn) {Self, Melee}
   (You found it on level 3 of the Dungeon)

   It has a curse which improves the following skills: Introspection: Fighting
   and Spellcasting.
   Melee Combat: Short Blades, Long Blades, Axes, Maces & Flails, Polearms,
   Staves and Unarmed Combat.
 t - the cursed +2 cloak "Eternal Together" (worn) {Evo, Fort}
   (You took it off Crazy Yiuf on level 2 of the Dungeon)

   It has a curse which improves the following skills: Evocations: Evocations.
   Fortitude: Armour and Shields.
 y - a +2 robe of positive energy (worn)
 z - a +1 chain mail of willpower
Magical Staves
 f - a staff of death
 w - a staff of poison
 F - a staff of conjuration
Jewellery
 b - a ring of protection from cold (right hand)
 i - the cursed ring of Ashenzari's Augurer (left hand) {MP+9, Range, Self}
   (You found it on level 1 of the Dungeon)

   [ring of magical power]

   MP:        It affects your magic capacity (+9).
   It has a curse which improves the following skills: Ranged Combat: Ranged
   Weapons and Throwing.
   Introspection: Fighting and Spellcasting.
 p - an amulet of regeneration (around neck)
 G - a ring of poison resistance
Wands
 j - a wand of iceblast (13)
 u - a wand of paralysis (7)
 x - a wand of flame (20) (quivered)
 E - a wand of mindburst (19)
Scrolls
 n - 2 scrolls of magic mapping
 r - 10 scrolls of teleportation
 I - a scroll of fear
 N - a scroll of enchant armour
Potions
 c - a potion of heal wounds
 h - 3 potions of attraction
 l - 4 potions of cancellation
 q - 4 potions of haste
 s - 2 potions of curing
 v - 2 potions of lignification
 B - 2 potions of ambrosia
 M - 4 potions of brilliance


   Skills:
 * Level 13.0(14.8) Fighting
 + Level 9.1(10.3) Long Blades
 - Level 2.0(3.0) Throwing
 - Level 1.2(2.0) Armour
 - Level 4.0 Dodging
 - Level 1.0 Stealth
 - Level 1.1(2.0) Shields
 - Level 3.0(4.6) Spellcasting
 + Level 1.1(1.9) Evocations


You had 6 spell levels left.
You knew the following spells:

 Your Spells              Type           Power      Damage    Failure   Level
a - Necrotise             Necr           40%        1d6       3%          1
b - Ensorcelled Hibernat  Hex/Ice        20%        N/A       5%          2
c - Wereblood             Tmut           10%        N/A       5%          2
d - Dispel Undead         Necr           10%        3d9       36%         4
e - Hailstorm             Conj/Ice       10%        3d5       36%         4
Your spell library was empty.

Dungeon Overview and Level Annotations

Branches:
Dungeon (9/15)             Temple (1/1) D:7            Lair (1/5) D:9
    Orc: D:9-12

Altars:
Ashenzari
Cheibriados
Dithmenos
Elyvilon
Fedhas
Gozag
Hepliaklqana
Makhleb
Nemelex Xobeh
Okawaru
Qazlal
Ru
Trog
Uskayaw
Wu Jian
Xom
Yredelemnul
Zin
The Shining One

Shops:
D:2 ?   D:6 =   D:7 (


Innate Abilities, Weirdness & Mutations

You are immune to sickness and miasma.
You are immune to poison.
Your flesh is very heat resistant. (rF++)
You are vulnerable to cold. (rC-)
You float through the air rather than walking.
You learn spells naturally, not from books.
Your magical power is your life essence.
You have superior vitality. (+4 MHP)


Message History

The elephant tramples you.
* * * LOW HITPOINT WARNING * * *
You hold your ground!
The elephant barely misses you.
A wolf comes into view.
The wolf howls!
You hit the elephant but do no damage.
The elephant is heavily wounded.
The elephant tramples you but does no damage.
The elephant trunk-slaps you.
* * * LOW HITPOINT WARNING * * *
The elephant tramples you!
* * * LOW HITPOINT WARNING * * *
You hold your ground!
The elephant trunk-slaps you but does no damage.
The wolf closely misses you.
You hit the elephant but do no damage.
The elephant is heavily wounded.
You howl as the wereblood boils in your veins!
The wolf bites you but does no damage.
A water moccasin comes into view.
The elephant tramples you.
* * * LOW HITPOINT WARNING * * *
You hold your ground!
The elephant trunk-slaps you but does no damage.
The elephant barely misses you. The elephant closely misses you.
The wolf closely misses you.
You slash the elephant!
The elephant is severely wounded.
The wolf bites you!
* * * LOW HITPOINT WARNING * * *
A water moccasin comes into view.
The elephant barely misses you.
The elephant trunk-slaps you but does no damage.
The elephant tramples you but does no damage.
The elephant trunk-slaps you but does no damage.
You barely miss the elephant.
The elephant is severely wounded.
The wolf closely misses you. The elephant barely misses you. x2
The elephant tramples you!
You die...

#### #...##
*#.....# *
######.....##
*
#...#.#.Y...##
*
#....Y<.......
*
#..$YY###...##
* ,, #...#@#
## * ,#.. #h#
* *... .h# ###
.... ,,...S.
*.?....., ,*
#....... , , *
#.##...S. , ,
,


You could see 3 elephants, 2 water moccasins and 2 wolves.

Vanquished Creatures
  A two-headed ogre (D:9)
  Pikel (D:4)
  2 kobold demonologists (D:9)
  Prince Ribbit (D:7)
  2 hornets
  2 vampires
  3 wraiths (D:9)
  A steam dragon (D:8)
  Duvessa (D:6)
  2 water moccasins
  A sky beast (D:6)
  An ice beast (D:7)
  2 black bears
  4 orc warriors
  2 wolves (Lair:1)
  4 ogres
  2 lemures (D:4)
  4 centaurs
  A phantom (D:5)
  3 bullfrogs
  A necrophage (D:6)
  5 kobold brigands
  Blork the orc (D:6)
  6 scorpions
  A gnoll sergeant (D:9)
  4 wights (D:9)
  Dowan (D:6)
  7 killer bees
  2 oklob saplings (D:9)
  3 howler monkeys
  A crimson imp (D:9)
  5 hounds
  2 jellies
  Crazy Yiuf (D:2)
  5 orc priests
  2 iguanas
  Ijyb (D:3)
  Terence (D:3)
  6 orc wizards
  18 adders
  A shadow imp (D:7)
  3 white imps
  An ufetubus (D:5)
  2 worms
  4 dart slugs
  28 orcs
  10 endoplasms
  6 goblins
  6 hobgoblins
  11 jackals
  A quokka (D:2)
  12 ball pythons
  A bat (D:2)
  2 frilled lizards
  10 kobolds
  5 rats
  A spectral orc (D:9)
217 creatures vanquished.

Vanquished Creatures (others)
  6 fungi (D:9)
  11 plants
17 creatures vanquished.

Grand Total: 234 creatures vanquished

Notes
Turn   | Place    | Note
-------+----------+-------------------------------------------
     0 | D:1      | IdlyInterested the Djinni Gladiator began the quest for the
                  | Orb.
     0 | D:1      | Reached XP level 1. HP: 18/18 MP: 0/0
   213 | D:1      | Reached XP level 2. HP: 23/23 MP: 0/0
  1268 | D:2      | Reached XP level 3. HP: 29/29 MP: 0/0
  1268 | D:2      | Learned a level 1 spell: Necrotise
  1281 | D:2      | Found a faded altar of an unknown god.
  1529 | D:2      | Found Wizeh's Magic Scroll Shoppe.
  1768 | D:2      | Found a runed translucent door.
  1769 | D:2      | Noticed Crazy Yiuf
  1924 | D:2      | Killed Crazy Yiuf
  1925 | D:2      | Reached skill level 3 in Fighting
  1925 | D:2      | Reached XP level 4. HP: 13/35 MP: 0/0
  2047 | D:2      | Bought a scroll of identify for 26 gold pieces
  2047 | D:2      | Bought a scroll of noise for 13 gold pieces
  2047 | D:2      | Bought a scroll of identify for 26 gold pieces
  2047 | D:2      | Bought a scroll of teleportation for 39 gold pieces
  2303 | D:3      | Noticed Terence
  2337 | D:3      | Killed Terence
  2338 | D:3      | Reached XP level 5. HP: 26/41 MP: 0/0
  2338 | D:3      | Learned a level 2 spell: Ensorcelled Hibernation
  2482 | D:3      | Reached skill level 4 in Fighting
  2570 | D:3      | Noticed Ijyb
  2574 | D:3      | Paralysed by Ijyb for 4 turns
  2595 | D:3      | Paralysed by Ijyb for 2 turns
  2611 | D:3      | Killed Ijyb
  2809 | D:3      | Reached XP level 6. HP: 41/48 MP: 0/0
  3087 | D:4      | Noticed Pikel
  3115 | D:4      | Killed Pikel
  3116 | D:4      | Reached skill level 6 in Fighting
  3116 | D:4      | Reached skill level 1 in Stealth
  3116 | D:4      | Reached XP level 7. HP: 18/56 MP: 0/0
  3116 | D:4      | Learned a level 2 spell: Wereblood
  3156 | D:4      | Found a sacrificial altar of Ru.
  3210 | D:4      | Reached skill level 5 in Long Blades
  3221 | D:4      | Reached XP level 8. HP: 51/62 MP: 0/0
  3321 | D:4      | Reached skill level 1 in Evocations
  3521 | D:4      | Found a large runed translucent door.
  3525 | D:4      | Found a large runed translucent door.
  3541 | D:4      | Reached skill level 7 in Fighting
  3672 | D:4      | Reached skill level 1 in Armour
  3822 | D:4      | Found an iron altar of Okawaru.
  3924 | D:4      | Found a glowing silver altar of Zin.
  3940 | D:4      | Found a bloodstained altar of Trog.
  4111 | D:2      | Bought a scroll of teleportation for 39 gold pieces
  4111 | D:2      | Bought a scroll of teleportation for 39 gold pieces
  4243 | D:5      | Entered Level 5 of the Dungeon
  4480 | D:5      | Found an ornate altar of the Wu Jian Council.
  4496 | D:5      | Reached skill level 8 in Fighting
  4569 | D:5      | Reached XP level 9. HP: 55/70 MP: 0/0
  4569 | D:5      | Learned a level 4 spell: Dispel Undead
  4637 | D:5      | You are sucked into a shaft and drop 1 floor!
  4894 | D:6      | Noticed Blork the orc
  4914 | D:6      | Killed Blork the orc
  4915 | D:6      | Reached skill level 9 in Fighting
  4973 | D:6      | Found a stormy altar of Qazlal.
  4992 | D:6      | Noticed Duvessa
  4992 | D:6      | Noticed Dowan
  5006 | D:6      | Killed Duvessa
  5021 | D:6      | Killed Dowan
  5177 | D:6      | Found Moreth's Jewellery Boutique.
  5485 | D:5      | Identified the +4 short sword of Conscience {flame, rC-
                  | Dex+3 Stlth+}
  5496 | D:5      | Found a white marble altar of Elyvilon.
  5540 | D:5      | Reached skill level 10 in Fighting
  6826 | D:7      | Reached XP level 10. HP: 81/81 MP: 0/0
  6864 | D:7      | Noticed Prince Ribbit
  6883 | D:7      | Killed Prince Ribbit
  6884 | D:7      | Reached skill level 1 in Spellcasting
  6979 | D:7      | Found a staircase to the Ecumenical Temple.
  6997 | Temple   | Entered the Ecumenical Temple
  7055 | Temple   | Became a worshipper of Ashenzari the Shackled
  7210 | D:7      | Found Hirues's Antique Weapon Emporium.
  7594 | D:8      | Found a blossoming altar of Fedhas.
  7702 | D:8      | Reached skill level 11 in Fighting
  8181 | D:8      | Reached * piety under Ashenzari
  8269 | D:6      | Bought a ring of protection from cold for 325 gold pieces
  8860 | D:9      | Found a staircase to the Lair.
  9030 | D:9      | Found a sparkling altar of Nemelex Xobeh.
  9097 | D:9      | Reached ** piety under Ashenzari
  9139 | D:9      | Found a basalt altar of Yredelemnul.
  9198 | D:9      | Noticed a kobold demonologist
  9201 | D:9      | Noticed a kobold demonologist
  9211 | D:9      | Noticed a sun demon
  9214 | D:9      | Killed a kobold demonologist
  9222 | D:9      | Killed a kobold demonologist
  9282 | D:9      | Noticed a two-headed ogre
  9296 | D:9      | Killed a two-headed ogre
  9297 | D:9      | Reached skill level 12 in Fighting
  9297 | D:9      | Reached XP level 11. HP: 67/94 MP: 0/0
  9297 | D:9      | Learned a level 4 spell: Hailstorm
  9450 | D:9      | Reached skill level 1 in Shields
  9476 | D:9      | Found a burning altar of Makhleb.
  9992 | D:9      | Reached skill level 13 in Fighting
 10133 | D:7      | Bought a runed falchion for 132 gold pieces
 10168 | Lair:1   | Entered Level 1 of the Lair of Beasts
 10168 | Lair:1   | Noticed an elephant
 10168 | Lair:1   | Noticed an elephant
 10168 | Lair:1   | Noticed an elephant
 10195 | Lair:1   | HP: 3/94 [wolf (7)]
 10196 | Lair:1   | Slain by an elephant

Illustrated notes

Levels and vault maps discovered:
D:1:      lightli_molten_gateway, layout_loops_corners
D:2:      layout_basic, shapermc_ecumenical_altar_mp_ritualfount, serial_shops,
          nicolae_shop_advertising_works [nicolae_subvault_shop_adworks],
          uniq_crazy_yiuf_cottage
D:3:      layout_loops_cross, uniq_terence, uniq_ijyb
D:4:      layout_basic, nicolae_ru_sacrificial_ziggurat, jmf_multi_god_temple2,
          general_overflow_altar, uniq_pikel
D:5:      layout_basic, nicolae_elyvilon_temple_path,
          lemuel_coloured_pillars_altar, mainiacjoe_overflow_six_doors_small,
          hex_medium, minmay_manual_mares
D:6:      layout_basic, nicolae_qazlal_eye_of_the_storm, serial_shops,
          shop_fountains, uniq_duvessa, uniq_blork_the_orc
D:7:      layout_rooms, minmay_temple_entry_poolview, serial_shops,
          nicolae_square_shop, uniq_prince_ribbit1
D:8:      layout_gridville, old_standard_altar
D:9:      minmay_razor_zed, layout_rooms,
          grunt_temple_overflow_lords_of_destruction,
          nemelex_spade_bored_becter, yredelemnul_forgotten_temple_becter,
          dpeg_oklobed_lair, introduction_to_nature_2
Temple:   hellmonk_temple_beads
Lair:1:   layout_misc_corridors, minivault_27

Skill      XL: |  1  2  3  4  5  6  7  8  9 10 11 |
---------------+----------------------------------+-----
Long Blades    | 3 4 5 6 7 8 9 |  9.1
Fighting       | 3 4 6 8 10 12 13 | 13.0
Dodging        | 4 |  4.0
Throwing       | 2 |  2.0
Stealth        | 1 |  1.0
Evocations     | 1 |  1.1
Armour         | 1 |  1.2
Spellcasting   | 3 |  3.0
Shields        | 1 |  1.1

Action                   |  1- 3 |  4- 6 |  7- 9 | 10-12 || total
-------------------------+-------+-------+-------+-------++-------
Melee: Long sword        |    64 |   225 |   326 |   173 ||   788
       Punch             |       |     8 |     3 |     2 ||    13
       Scimitar          |       |       |       |   183 ||   183
       Short sword       |       |       |       |     4 ||     4
Throw: Throwing net      |     1 |     1 |       |       ||     2
       Dart              |       |       |     2 |       ||     2
 Cast: Wereblood         |       |       |       |     7 ||     7
Invok: Curse Item        |       |       |       |     3 ||     3
Evoke: Wand              |       |     4 |       |     2 ||     6
  Use: Scroll            |     4 |     3 |     8 |     1 ||    16
       Potion            |       |     3 |     4 |     3 ||    10
 Stab: Distracted        |     1 |       |       |       ||     1
       Held in net/web   |     1 |       |       |       ||     1
       Sleeping          |       |     2 |     1 |     7 ||    10
       Paralysed         |       |     1 |       |       ||     1
Armor: Leather armour    |    21 |    17 |       |       ||    38
       Chain mail        |       |   116 |   237 |       ||   353
       Skin              |       |       |     5 |       ||     5
       Robe              |       |       |     4 |   189 ||   193
Dodge: Dodged            |    41 |    82 |   139 |   318 ||   580

Table legend: (Time is in decaauts)
 A = Elapsed time spent in this place.
 B = Non-inter-level travel time spent in this place.
 C = Inter-level travel time spent in this place.
 D = Time resting spent in this place.
 E = Time spent auto-exploring this place.
 F = Levels seen in this place.
 G = Mean time per level.
                   A        B        C        D        E       F      G
               +--------+--------+--------+--------+--------+-----+--------+
         Total |  10273 |   8503 |   1770 |    692 |   5208 |  11 |  933.9 |
       Dungeon |  10136 |   8366 |   1770 |    692 |   5158 |   9 | 1126.2 |
        Temple |    111 |    111 |      0 |      0 |     50 |   1 |  111.0 |
          Lair |     25 |     25 |      0 |      0 |      0 |   1 |   25.0 |
               +--------+--------+--------+--------+--------+-----+--------+

Top non-repeatable levels by time:
     D:8: 1332 daAuts
     D:5: 1289 daAuts
     D:9: 1224 daAuts
     D:1: 1217 daAuts
     D:6: 1201 daAuts
     D:4: 1174 daAuts
     D:2: 1042 daAuts
     D:3: 991 daAuts
     D:7: 663 daAuts
  Temple: 111 daAuts
  Lair:1: 25 daAuts
